 Dungeon Crawl Stone Soup version 0.25-a0-1114-g48d22fd (console) character file.

Game seed: 7400484021229811772, levelgen mode: deterministic

219 HarryHood the Cudgeler (level 5, -14/32 HPs)
             Began as a Gargoyle Fighter on May 16, 2020.
             Demolished by an ogre
             ... wielding a +0 giant spiked club
              (19 damage)
             ... on level 4 of the Dungeon.
             The game lasted 00:15:53 (2690 turns).

HarryHood the Cudgeler (Gargoyle Fighter)           Turns: 2690, Time: 00:15:54

Health: -14/32     AC: 12    Str: 21    XL:     5   Next: 96%
Magic:  5/5        EV:  7    Int:  8    God:
Gold:   115        SH:  9    Dex:  9    Spells: 4/4 levels left

rFire    . . .     SeeInvis .   a - +1 flail
rCold    . . .     Gourm    .   c - +0 kite shield
rNeg     + . .     Faith    .   b - +0 scale mail
rPois    ∞         Spirit   .   (no helmet)
rElec    +         Reflect  .   (no cloak)
rCorr    .         Harm     .   (no gloves)
MR       .....                  n - +0 pair of boots
Stlth    ..........             (no amulet)
HPRegen  0.10/turn              l - ring of flight
MPRegen  0.09/turn              (no ring)

@: no status effects
A: negative energy resistance 1, electricity resistance, unbreathing,
petrification resistance, rot immunity, AC +4
a: Evoke Flight


You were on level 4 of the Dungeon.
You were not hungry.

You visited 1 branch of the dungeon, and saw 4 of its levels.

You collected 115 gold pieces.

Inventory:

Hand Weapons
 a - a +1 flail (weapon)
Missiles
 r - 6 boomerangs (quivered)
Armour
 b - a +0 scale mail (worn)
 c - a +0 kite shield (worn)
 n - a +0 pair of boots (worn)
 t - a +0 helmet
Jewellery
 l - a ring of flight (left hand)
Scrolls
 f - 2 scrolls of remove curse {@r1}
 p - a scroll of amnesia {unknown}
 u - 3 scrolls of teleportation {@r0}
 v - a scroll of enchant weapon
Potions
 d - 3 potions of might
 g - 3 potions of heal wounds {@q1}
 h - a potion of stabbing {unknown}
 i - a potion of ambrosia {unknown}
 j - a potion of berserk rage {unknown}
 k - a potion of lignification {unknown}
 m - 3 potions of curing {@q2}
 o - 3 potions of flight {unknown}
 q - a potion of resistance {unknown}
Comestibles
 e - 6 rations {@e1}
 s - 4 chunks of flesh


   Skills:
 * Level 3.3 Fighting
 - Level 6.0 Maces & Flails
 - Level 3.2 Armour
 - Level 3.2 Shields


You had 4 spell levels left.
You didn't know any spells.
Your spell library was empty.

Dungeon Overview and Level Annotations

Branches:
Dungeon (4/15)
 Temple: D:4-7

Altars:


Innate Abilities, Weirdness & Mutations

You are resistant to torment.
Your stone body is resilient. (AC +4)
You are immune to poison.
You resist negative energy. (rN+)
You are resistant to electric shocks. (rElec)
You can survive without breathing.
You are immune to petrification.
You are immune to rotting.


Message History

Okay, then.
Unknown command.
Unknown command.
Unknown command.
Adjust (i)tems, (s)pells, or (a)bilities?
Okay, then.
Unknown command.
You see here a ring mail.
Okay, then.
You feel much better.
The ogre hits you with a +0 giant spiked club!!
Ouch! That really hurt!
* * * LOW HITPOINT WARNING * * *
You take 1 damage, and have 5/32 hp.
You hit the ogre. The ogre barely misses you.
You sock the ogre! You sock the ogre!
The ogre hits you with a +0 giant spiked club!!
Ouch! That really hurt!
You die...

..#. . .#. .. ..# .###
##.. ...# ###...##...#
..#.?#..........#
###.#...........#
#.....##...♣♣@..#
#.....#..♣.♣O..# # #
#....##..♣♣.[..#.###
.##.#....##....♣†.......
O..................##...
........÷..........# ..
.......|........###.# .
................###...
........####............


You could see an ogre.

Vanquished Creatures
  A scorpion (D:4)
  An iguana (D:4)
  A worker ant (D:4)
  Terence (D:3)
  Robin (D:3)
  3 adders
  An ooze (D:2)
  2 dart slugs
  A leopard gecko (D:1)
  A ball python (D:1)
  6 bats
  A giant cockroach (D:1)
  13 goblins
  5 hobgoblins
  5 jackals (D:2)
  3 frilled lizards
  A jackal skeleton (D:4)
  4 kobolds
  6 rats
57 creatures vanquished.

Notes
Turn   | Place    | Note
-------+----------+-------------------------------------------
     0 | D:1      | HarryHood the Gargoyle Fighter began the quest for the Orb.
     0 | D:1      | Reached XP level 1. HP: 14/14 MP: 1/1
   252 | D:1      | Reached XP level 2. HP: 19/19 MP: 2/2
   434 | D:1      | Reached skill level 3 in Maces & Flails
   922 | D:2      | Reached XP level 3. HP: 23/23 MP: 3/3
  1316 | D:2      | Reached skill level 4 in Maces & Flails
  1541 | D:2      | Reached XP level 4. HP: 28/28 MP: 4/4
  1874 | D:3      | Noticed Robin
  1904 | D:3      | Killed Robin
  2177 | D:3      | Noticed Terence
  2187 | D:3      | Killed Terence
  2552 | D:4      | Reached skill level 5 in Maces & Flails
  2552 | D:4      | Reached XP level 5. HP: 32/32 MP: 5/5
  2635 | D:4      | Noticed an ogre
  2683 | D:4      | Reached skill level 6 in Maces & Flails
  2690 | D:4      | Demolished by an ogre

Illustrated notes

Levels and vault maps discovered:
D:1:      nzn_arrival_depleted_hourglass, layout_basic
D:2:      layout_basic, first_ration
D:3:      layout_basic, hangedman_decor_growths, hangedman_decor_push,
          uniq_terence, uniq_robin
D:4:      layout_cave_pools, serial_shops, shop, chequers_garden,
          nicolae_ashenzari_panopticon, uniq_natasha, uniq_blork_the_orc

Skill      XL: |  1  2  3  4  5 |
---------------+----------------+-----
Maces & Flails | 3 4 5 6 |  6.0
Fighting       | |  3.3
Armour         | |  3.2
Shields        | |  3.2

Action                   |  1- 3 |  4- 6 || total
-------------------------+-------+-------++-------
Melee: Flail             |   116 |   108 ||   224
Throw: Boomerang         |       |     9 ||     9
  Use: Scroll            |     5 |     4 ||     9
       Potion            |       |     2 ||     2
  Eat: Chunk             |     2 |     4 ||     6
Armor: Scale mail        |    71 |    91 ||   162
Dodge: Dodged            |    39 |    51 ||    90
Block: Kite shield       |    66 |    71 ||   137

Table legend:
 A = Non-vault XP
 B = Vault XP
 C = Vault XP percentage of total XP
 D = Non-vault monster count
 E = Vault monster count
 F = Vault count percentage of total count
                 A         B        C        D         E       F
            +---------+---------+-------+---------+---------+-------
      Total |     246 |      67 |  21.4 |      44 |      13 |  22.8
            +---------+---------+-------+---------+---------+-------
        D:1 |      32 |       0 |   0.0 |      20 |       0 |   0.0
        D:2 |      55 |       0 |   0.0 |      16 |       0 |   0.0
        D:3 |       6 |      67 |  91.8 |       3 |      13 |  81.2
        D:4 |     153 |       0 |   0.0 |       5 |       0 |   0.0
            +---------+---------+-------+---------+---------+-------
